 Dungeon Crawl Stone Soup version 0.28-a0-1184-g53156a8862 (webtiles) character file.

Game seed: 6555815807514182723

359 a11behringer the Slasher (level 6, -5/53 HPs)
             Began as a Minotaur Berserker on Dec 17, 2021.
             Was a Priest of Trog.
             Succumbed to a goblin's poison
             ... on level 4 of the Dungeon on Dec 18, 2021.
             The game lasted 00:08:03 (3203 turns).

a11behringer the Slasher (Minotaur Berserker)       Turns: 3203, Time: 00:08:03

Health: -5/53      AC: 12    Str: 24    XL:     6   Next: 37%
Magic:  5/5        EV:  8    Int:  4    God:    Trog [***...]
Gold:   184        SH:  0    Dex:  9    Spells: 5/5 levels left

rFire   . . .      SeeInvis .   a - +1 falchion
rCold   . . .      Faith    .   (no shield)
rNeg    . . .      Spirit   .   r - +3 chain mail
rPois   .          Reflect  .   (helmet restricted)
rElec   .          Harm     .   (no cloak)
rCorr   .          Rampage  .   (no gloves)
Will    ++...                   (no boots)
Stlth   ..........              (no amulet)
HPRegen 1.17/turn               (no ring)
MPRegen 0.09/turn               (no ring)

@: lethally poisoned (-5 -> -29), strong-willed, regenerating
A: horns 2, retaliatory headbutt
a: Renounce Religion, Berserk, Trog's Hand


You were on level 4 of the Dungeon.
You worshipped Trog.
Trog was most pleased with you.
You visited 1 branch of the dungeon, and saw 4 of its levels.
You also visited: Sewer.

You collected 184 gold pieces.

Inventory:

Hand Weapons
 a - a +1 falchion (weapon)
 d - a +0 hunting sling
 e - a +0 rapier
Missiles
 h - 64 arrows
 i - 18 bolts
Armour
 b - a +0 animal skin
 f - a +0 chain mail
 g - a +0 ring mail
 r - a +3 chain mail (worn)
Jewellery
 o - a ring of protection from fire
Wands
 t - a wand of iceblast (3)
Scrolls
 j - 3 scrolls of immolation {unknown}
 k - 3 scrolls of enchant weapon
 m - 3 scrolls of identify
 n - a scroll of fog
Potions
 c - a potion of ambrosia
 l - a potion of magic
 p - 2 potions of heal wounds {unknown}
 q - a potion of haste {unknown}
 s - a potion of attraction {unknown}


   Skills:
 + Level 4.6 Fighting
 * Level 7.3 Long Blades
 + Level 4.1 Armour
 + Level 2.6 Dodging


You had 5 spell levels left.
You didn't know any spells.
Your spell library was empty.

Dungeon Overview and Level Annotations

Branches:
Dungeon (4/15)              Sewer (visited)
 Temple: D:4-7

Altars:

Shops:
D:3 *


Innate Abilities, Weirdness & Mutations

You have a pair of horns on your head.
You reflexively headbutt those who attack you in melee.


Message History

Trog appreciates your killing of a magic user.
Reactivating autopickup.
You feel a bit more experienced.
You start resting.
You feel yourself speed up.
You start resting.
You recover from your berserk rage.
You start resting.
A goblin comes into view. It is wielding a +2 dagger of venom.
A goblin is nearby!
The goblin shouts!
A goblin is nearby!
Things that are here:
a +0 hand axe; a +0 hand axe; an orc corpse
Things that are here:
a +0 hand axe; a +0 leather armour You barely miss the goblin.
The goblin hits you with a +2 dagger of venom.
* * * LOW HITPOINT WARNING * * *
You are poisoned.
You barely miss the goblin.
You headbutt the goblin, but do no damage.
You feel very sick.
The goblin hits you with a +2 dagger of venom.
* * * LOW HITPOINT WARNING * * *
You are lethally poisoned!
You closely miss the goblin.
* * * LOW HITPOINT WARNING * * *
You feel very sick. The goblin hits you but does no damage.
You are more poisoned.
Your skin crawls.
You feel strong-willed.
* * * LOW HITPOINT WARNING * * *
You feel very sick.
The goblin hits you with a +2 dagger of venom.
* * * LOW HITPOINT WARNING * * *
You are more poisoned.
You completely miss the goblin.
You die...

#.#####...##.##.# #.#
#...# #.#####...#
#.#.......#
##.#.......##+###
...#............#
.............)..# #
####....###....)###..#
#....# #.###)@g...#
###### #.# #.......#
#.# #....(..# #.#
#.......# ## #.#
#........# .# #.#
#(.....#.# .# #.
#......# . .# ########
'#####


You could see a goblin.

Vanquished Creatures
  Pargi (Sewer)
  3 orc priests
  2 orc wizards
  3 adders
  3 worms
  A dart slug (D:2)
  10 orcs
  2 bat zombies (D:2)
  7 endoplasms
  A giant cockroach (D:3)
  4 goblins
  5 hobgoblins
  3 jackals (D:3)
  4 kobolds
  5 quokkas
  4 ball pythons
  A ball python zombie (D:2)
  3 bats (D:1)
  9 frilled lizards
  9 rats
80 creatures vanquished.

Vanquished Creatures (others)
  A withered plant (D:2)
1 creature vanquished.

Grand Total: 81 creatures vanquished

Notes
Turn   | Place    | Note
-------+----------+-------------------------------------------
     0 | D:1      | a11behringer the Minotaur Berserker began the quest for the
                  | Orb.
     0 | D:1      | Reached XP level 1. HP: 19/19 MP: 0/0
   250 | D:1      | Reached skill level 4 in Long Blades
   260 | D:1      | Reached XP level 2. HP: 24/27 MP: 1/1
   302 | D:1      | Upgraded the game from 0.28-a0-1182-g381e24db82 to
                  | 0.28-a0-1184-g53156a8862
   855 | D:2      | Reached ** piety under Trog
   898 | D:2      | Reached XP level 3. HP: 17/33 MP: 2/2
  1301 | D:2      | Reached skill level 5 in Long Blades
  1742 | D:3      | Found Gecwust's General Store.
  1745 | D:3      | Reached XP level 4. HP: 40/40 MP: 3/3
  1822 | D:3      | Found a glowing drain.
  1826 | Sewer    | Entered a sewer
  1857 | Sewer    | Noticed Pargi
  1870 | Sewer    | Killed Pargi
  1871 | Sewer    | Reached skill level 6 in Long Blades
  1871 | Sewer    | Reached XP level 5. HP: 26/46 MP: 4/4
  2818 | D:3      | Reached *** piety under Trog
  2894 | D:4      | Reached XP level 6. HP: 43/53 MP: 5/5
  3108 | D:4      | Reached skill level 7 in Long Blades
  3202 | D:4      | HP: 1/53 [goblin (3)]
  3203 | D:4      | Succumbed to a goblin's poison

Illustrated notes

Levels and vault maps discovered:
D:1:      roderic_octagonal_star, layout_rooms, minmay_tall_x
D:2:      layout_loops_ring, serial_undead, serial_undead_c, serial_undead_b,
          serial_undead_b, serial_undead_d
D:3:      layout_basic, gup_sewer_entry_bowl, serial_shops, shop,
          minmay_misc_feat_tower, feat_on_display
D:4:      layout_basic

Skill      XL: |  1  2  3  4  5  6 |
---------------+-------------------+-----
Long Blades    | 4 5 6 7 |  7.3
Fighting       | 4 |  4.6
Armour         | 3 4 |  4.1
Dodging        | |  2.6

Action                   |  1- 3 |  4- 6 || total
-------------------------+-------+-------++-------
Melee: Falchion          |    81 |   135 ||   216
       Headbutt          |    12 |    14 ||    26
Invok: Berserk           |       |     2 ||     2
       Trog's Hand       |       |     1 ||     1
  Use: Scroll            |       |     9 ||     9
Armor: Animal skin       |     7 |       ||     7
       Ring mail         |     8 |    13 ||    21
       Chain mail        |       |    57 ||    57
Dodge: Dodged            |    46 |    47 ||    93

Table legend: (Time is in decaauts)
 A = Elapsed time spent in this place.
 B = Non-inter-level travel time spent in this place.
 C = Inter-level travel time spent in this place.
 D = Time resting spent in this place.
 E = Time spent auto-exploring this place.
 F = Levels seen in this place.
 G = Mean time per level.
                   A        B        C        D        E       F      G
               +--------+--------+--------+--------+--------+-----+--------+
         Total |   3258 |   3033 |    225 |     57 |   2409 |   5 |  651.6 |
       Dungeon |   2932 |   2707 |    225 |     57 |   2199 |   4 |  733.0 |
         Sewer |    326 |    326 |      0 |      0 |    210 |   1 |  326.0 |
               +--------+--------+--------+--------+--------+-----+--------+

Top non-repeatable levels by time:
     D:2: 953 daAuts
     D:3: 855 daAuts
     D:1: 795 daAuts
     D:4: 328 daAuts
   Sewer: 326 daAuts
